 Dungeon Crawl Stone Soup version 0.22.1-1-ga44c0e56f4 (webtiles) character file.

229 Nixze the Magician (level 5, -4/28 HPs)
             Began as a Deep Elf Ice Elementalist on Nov 1, 2018.
             Killed by divine providence
             ... invoked by an orc priest
              (10 damage)
             ... on level 3 of the Dungeon.
             The game lasted 00:05:43 (2172 turns).

Nixze the Magician (Deep Elf Ice Elementalist)      Turns: 2172, Time: 00:05:44

Health: -4/28      AC:  4    Str:  5    XL:     5   Next: 71%
Magic:  11/15      EV: 12    Int: 21    God:
Gold:   185        SH:  0    Dex: 15    Spells: 11/15 levels left

rFire    . . .     SeeInvis .   b - +0 dagger
rCold    . . .     Gourm    .   (no shield)
rNeg     . . .     Faith    .   j - +0 leather armour (curse)
rPois    .         Spirit   .   n - +0 helmet
rElec    .         Reflect  .   (no cloak)
rCorr    .         Harm     .   (no gloves)
MR       .....                  (no boots)
Stlth    ++........             (no amulet)
HPRegen  0.09/turn              i - ring of flight
MPRegen  0.14/turn              (no ring)

@: no status effects
A: no striking features
a: Evoke Flight


You were on level 3 of the Dungeon.
You were not hungry.

You visited 1 branch of the dungeon, and saw 3 of its levels.

You collected 185 gold pieces.

Inventory:

Hand Weapons
 b - a +0 dagger (weapon)
Armour
 a - a +0 robe
 j - a cursed +0 leather armour (worn)
 n - a +0 helmet (worn)
Jewellery
 i - a ring of flight (left hand)
Scrolls
 d - 3 scrolls of identify {unknown}
 e - a scroll of fear {unknown}
 g - 2 scrolls of blinking {unknown}
 k - a scroll of noise {unknown}
 l - a scroll of fog {unknown}
 o - a scroll of enchant armour {unknown}
 p - 2 scrolls of amnesia {unknown}
 q - a scroll of teleportation {unknown}
Potions
 f - 2 potions of haste {unknown}
 h - a potion of curing {unknown}
Comestibles
 c - 3 rations
 m - a chunk of flesh


   Skills:
 - Level 2.4 Dodging
 - Level 2.4 Stealth
 + Level 5.9 Spellcasting
   Level 1.1 Conjurations
 + Level 2.9 Charms
 - Level 5.1 Ice Magic


You had 11 spell levels left.
You knew the following spells:

 Your Spells              Type           Power        Failure   Level  Hunger
a - Freeze                Ice            ####         1%          1    None
b - Ozocubu's Armour      Chrm/Ice       ###.....     10%         3    ##.....

Your spell library contained the following spells:

 Spells                   Type           Power        Failure   Level  Hunger
 Throw Frost              Conj/Ice       ###...       7%          2    None
 Throw Icicle             Conj/Ice       ###.....     41%         4    ####...
 Summon Ice Beast         Ice/Summ       ###.....     50%         4    ####...


Dungeon Overview and Level Annotations

Branches:
Dungeon (3/15)

Altars:
Yredelemnul


Message History

Press: ? - help, Shift-Dir - straight line, f/p - orc wizard
Aim: an orc wizard, wielding a dagger and wearing a robe (severely wounded)
You freeze the orc wizard.
You kill the orc wizard!
The orc wizard hits you but does no damage.
The orc priest looks braver for a moment.
Casting: Freeze (safe; 1% risk of failure)
Confirm with . or Enter, or press ? or * to list all spells.
Aiming: Freeze (safe; 1% risk of failure)
Press: ? - help, Shift-Dir - straight line, f - rat
Aim: a rat You freeze the rat.
The rat is severely wounded.
The orc wizard hits you with a dagger.
* * * LOW HITPOINT WARNING * * *
The rat bites you.
* * * LOW HITPOINT WARNING * * *
The orc priest mumbles some strange prayers to Beogh against you.
Beogh smites you!
You die...

. ####.#
######.....#
#.?.....#
######.......#
.........†....+
.....##.......#
...!.#.....####
.......@####
......oor.$...+
......?.#######
........#
##....r.?
#.....## #.....
#.#...
###########


You could see an orc priest, an orc wizard and 2 rats.

Vanquished Creatures
  An ogre (D:3)
  An orc wizard (D:3)
  A worker ant (D:2)
  4 adders
  An ooze (D:2)
  A worm (D:2)
  2 dart slugs (D:2)
  A leopard gecko (D:2)
  An orc (D:3)
  2 ball pythons (D:2)
  3 bats
  A giant cockroach (D:1)
  3 goblins
  8 hobgoblins
  3 jackals (D:1)
  5 kobolds
  6 frilled lizards
  7 rats
51 creatures vanquished.

Notes
Turn   | Place    | Note
-------+----------+-------------------------------------------
     0 | D:1      | Nixze the Deep Elf Ice Elementalist began the quest for the
                  | Orb.
     0 | D:1      | Reached XP level 1. HP: 10/10 MP: 6/6
   253 | D:1      | Reached XP level 2. HP: 15/15 MP: 4/8
   770 | D:2      | Reached XP level 3. HP: 17/19 MP: 3/10
  1206 | D:2      | Reached XP level 4. HP: 19/24 MP: 8/12
  1357 | D:2      | Reached skill level 5 in Spellcasting
  1495 | D:2      | Learned a level 3 spell: Ozocubu's Armour
  1737 | D:3      | Found a basalt altar of Yredelemnul.
  1741 | D:3      | Noticed an ogre
  1763 | D:3      | Killed an ogre
  1763 | D:3      | Reached skill level 5 in Ice Magic
  1763 | D:3      | Reached XP level 5. HP: 11/28 MP: 3/15
  2116 | D:3      | Found a faded altar of an unknown god.
  2172 | D:3      | Killed from afar by an orc priest

Skill      XL: |  1  2  3  4 |
---------------+-------------+-----
Spellcasting   | 4 5 |  5.9
Ice Magic      | 4 5 |  5.1
Charms         | 2 |  2.9
Dodging        | |  2.4
Stealth        | |  2.4
Conjurations   | |  1.1

Action                   |  1- 3 |  4- 6 || total
-------------------------+-------+-------++-------
Melee: Dagger            |     2 |       ||     2
 Cast: Freeze            |    52 |    35 ||    87
       Ozocubu's Armour  |       |     1 ||     1
  Eat: Chunk             |     1 |     3 ||     4
Armor: Robe              |     4 |       ||     4
       Leather armour    |     1 |       ||     1
Dodge: Dodged            |    28 |    14 ||    42
